 Dungeon Crawl Stone Soup version 0.31-a0-801-gc67433417a (webtiles) character file.

Game seed: 15670566355456604797

424 Revguard the Shield-Bearer (level 7, -4/55 HPs)
             Began as a Formicid Fighter on Sept 20, 2023.
             Slain by Menkaure (19 damage)
             ... on level 4 of the Dungeon.
             The game lasted 00:07:22 (3166 turns).

Revguard the Shield-Bearer (Formicid Fighter)       Turns: 3166, Time: 00:07:23

Health: -4/55      AC: 13    Str: 21    XL:     7   Next: 17%
Magic:  8/8        EV:  6    Int:  7    God:
Gold:   176        SH:  5    Dex: 15    Spells: 6/6 levels left

rFire   . . .        a - +0 war axe
rCold   + . .        c - +0 buckler
rNeg    . . .        j - +0 plate armour
rPois   +            (helmet unavailable)
rElec   .            r - +0 cloak {Stlth+}
rCorr   .            (no gloves)
SInv    +            (no boots)
Will    .....        (no amulet) Stlth
                     s - ring of poison resistance
HPRegen 0.29/turn    f - ring of protection from cold
MPRegen 0.11/turn

%: no passive effects
@: no status effects
A: permanent stasis, dig shafts and tunnels, antennae 3, four strong arms
a: Dig, Shaft Self


You were on level 4 of the Dungeon.
You visited 1 branch of the dungeon, and saw 4 of its levels.

You collected 176 gold pieces.

Inventory:

Hand Weapons
 a - a +0 war axe (weapon)
Armour
 b - a +0 scale mail
 c - a +0 buckler (worn)
 j - a +0 plate armour (worn)
 r - a +0 cloak of stealth (worn)
Jewellery
 f - a ring of protection from cold (right hand)
 o - a +6 ring of intelligence
 s - a ring of poison resistance (left hand)
Wands
 t - a wand of polymorph (11)
 u - a wand of flame (21)
Scrolls
 e - a scroll of identify
 g - a scroll of blinking {unknown}
 h - a scroll of noise
 i - a scroll of teleportation
 k - 2 scrolls of enchant weapon {unknown}
Potions
 d - a potion of ambrosia
 l - a potion of lignification
 m - 3 potions of curing
 n - a potion of invisibility
 p - a potion of degeneration {unknown}
 q - 2 potions of heal wounds {unknown}


   Skills:
 * Level 4.8 Fighting
 * Level 3.5 Axes
 + Level 4.0 Armour
 + Level 1.7 Dodging
 + Level 5.3 Shields
 + Level 2.4 Invocations
 + Level 2.1 Evocations


You had 6 spell levels left.
You didn't know any spells.
Your spell library contained the following spells:

 Spells                   Type           Power      Damage    Failure   Level
 Lesser Beckoning         Tloc           0%         N/A       100%        2
 Gell's Gravitas          Tloc           0%         N/A       100%        3
 Teleport Other           Tloc           0%         N/A       100%        3
 Manifold Assault         Tloc           0%         N/A       100%        4
 Dispersal                Tloc           0%         N/A       100%        6
 Disjunction              Tloc           0%         N/A       100%        8


Dungeon Overview and Level Annotations

Branches:
Dungeon (4/15)
 Temple: D:4-7

Altars:
Kikubaaqudgha
Yredelemnul

Annotations:
D:4 1 transporter, Menkaure


Innate Abilities, Weirdness & Mutations

You cannot be hasted, slowed, berserked, paralysed or teleported.
You can dig through walls and to a lower floor.
You have a pair of large antennae on your head. (SInv)
Your four strong arms can wield two-handed weapons with a shield.


Message History

The phantom hits you but does no damage.
You slash the scorpion zombie!
The scorpion zombie is heavily damaged.
You hit the phantom. You closely miss the hound zombie.
You block the hound zombie's attack. The hound zombie barely misses you.
The scorpion zombie barely misses you.
The phantom hits you but does no damage.
You slash the scorpion zombie!
The scorpion zombie is severely damaged.
You hit the hound zombie. You miss the phantom.
The hound zombie barely misses you. You block the scorpion zombie's attack.
You block the phantom's attack. You block the hound zombie's attack.
You hit the scorpion zombie.
The scorpion zombie is severely damaged.
You closely miss the hound zombie. You hit the phantom.
You block the scorpion zombie's attack.
The hound zombie bites you but does no damage.
You block the phantom's attack.
The hound zombie bites you but does no damage.
The scorpion zombie closely misses you.
The phantom hits you but does no damage.
You slash the scorpion zombie!
You destroy the scorpion zombie!
You hit the phantom. You barely miss the hound zombie.
The hound zombie bites you but does no damage.
The phantom hits you.
Menkaure mumbles some strange words.
Menkaure seems to speed up.
The hound zombie bites you but does no damage.
The phantom hits you but does no damage.
Menkaure hits you!
* * * LOW HITPOINT WARNING * * *
The hound zombie bites you but does no damage.
You slash Menkaure!
Menkaure is moderately damaged.
You closely miss the phantom. You slash the hound zombie!
You destroy the hound zombie!
Menkaure hits you but does no damage. You block the phantom's attack.
Menkaure hits you!!
You die...

##...............#.#######
.>....#....#..####.......#
......###................#
.#....##..#############..#
.#........#..........©#..#
..........#..........[#..#
.#........#..###.###.$#..##
..........#..#8#.#8#._#...#
..........#....W@....$#...#
.........©#.....M....⌠#©..#
..........#..........|#..##
..........#..#8#.#8#._#.##
..........#..###.###.$#.#
..........#..........$#.#
..........#...........#.#
..#.......#############.#
..#....##...............#


You could see a phantom and Menkaure (fast).

Vanquished Creatures
  A scorpion (D:4)
  Crazy Yiuf (D:3)
  A gnoll bouda (D:4)
  A sleepcap (D:2)
  A scorpion zombie (D:4)
  Natasha (thrice) (D:2)
  A hound zombie (D:4)
  3 gnolls (D:4)
  7 adders
  An adder zombie (D:4)
  3 worms
  A dart slug (D:2)
  8 orcs
  5 endoplasms
  A giant cockroach (D:4)
  6 goblins
  5 hobgoblins
  5 kobolds
  7 quokkas
  5 ball pythons
  8 bats
  3 frilled lizards
  6 rats
83 creatures vanquished.

Notes
Turn   | Place    | Note
-------+----------+-------------------------------------------
     0 | D:1      | Revguard the Formicid Fighter began the quest for the Orb.
     0 | D:1      | Reached XP level 1. HP: 18/18 MP: 1/1
   251 | D:1      | Reached XP level 2. HP: 24/24 MP: 2/2
   833 | D:2      | Reached XP level 3. HP: 27/29 MP: 3/3
   862 | D:2      | Noticed Natasha
   876 | D:2      | Killed Natasha
   877 | D:2      | Reached skill level 1 in Invocations
   877 | D:2      | Reached skill level 1 in Evocations
   877 | D:2      | Reached XP level 4. HP: 29/37 MP: 4/4
  1020 | D:2      | Noticed Natasha
  1028 | D:2      | Killed Natasha
  1029 | D:2      | Reached skill level 1 in Dodging
  1031 | D:2      | Noticed Natasha
  1042 | D:2      | Reached XP level 5. HP: 17/42 MP: 4/6
  1050 | D:2      | Killed Natasha
  1427 | D:2      | Reached skill level 5 in Shields
  1899 | D:3      | Reached XP level 6. HP: 44/48 MP: 7/7
  2182 | D:3      | Found a runed translucent door.
  2183 | D:3      | Noticed Crazy Yiuf
  2191 | D:3      | Killed Crazy Yiuf
  2651 | D:4      | Reached XP level 7. HP: 16/55 MP: 8/8
  3075 | D:4      | Found a transporter.
  3109 | D:4      | Found an ancient bone altar of Kikubaaqudgha.
  3113 | D:4      | Noticed Menkaure
  3120 | D:4      | Found a basalt altar of Yredelemnul.
  3123 | D:4      | Found a transporter.
  3166 | D:4      | Slain by Menkaure

Illustrated notes

Levels and vault maps discovered:
D:1:      minmay_arrival_stone_box, layout_loops_cross
D:2:      wad_pebble_path, layout_loops_ring, minmay_misc_feat_roman,
          uniq_natasha
D:3:      layout_loops_corners, uniq_crazy_yiuf_cottage
D:4:      layout_cave_pools, gammafunk_temple_of_torment, minmay_misc_feat_five

Skill      XL: |  1  2  3  4  5  6 |
---------------+-------------------+-----
Invocations    | 1 2 |  2.4
Evocations     | 1 2 |  2.1
Dodging        | 1 |  1.7
Fighting       | 4 |  4.8
Shields        | 5 |  5.3
Axes           | 3 |  3.5
Armour         | 4 |  4.0

Action                     |  1- 3 |  4- 6 |  7- 9 || total
---------------------------+-------+-------+-------++-------
  Melee: War axe           |    77 |   144 |    40 ||   261
    Use: Potion            |       |     4 |       ||     4
         Scroll            |       |     4 |       ||     4
 Armour: Scale mail        |    28 |       |       ||    28
         Plate armour      |    46 |   170 |    47 ||   263
  Dodge: Dodged            |    26 |    54 |    20 ||   100
  Block: Buckler           |    26 |    65 |    16 ||   107

Table legend: (Time is in decaauts)
 A = Elapsed time spent in this place.
 B = Non-inter-level travel time spent in this place.
 C = Inter-level travel time spent in this place.
 D = Time resting spent in this place.
 E = Time spent auto-exploring this place.
 F = Levels seen in this place.
 G = Mean time per level.
                   A        B        C        D        E       F      G
               +--------+--------+--------+--------+--------+-----+--------+
         Total |   3265 |   3153 |    112 |    132 |   2164 |   4 |  816.2 |
       Dungeon |   3265 |   3153 |    112 |    132 |   2164 |   4 |  816.2 |
               +--------+--------+--------+--------+--------+-----+--------+

Top non-repeatable levels by time:
     D:3: 958 daAuts
     D:1: 840 daAuts
     D:2: 805 daAuts
     D:4: 660 daAuts
